Map: At Eternity's Edge LE

Players

Lambo - Winner!

  • Race: Zerg Zerg
  • Spawn Location: 11:00

LetaleX

  • Race: Protoss Protoss
  • League: Grandmaster
  • Spawn Location: 5:00

Event: HomeStory Cup XXIX

VOD

Have the link to the VOD?

Description

Time

  • Played on: July 4, 2026, 11:26 a.m.
  • Length: 9:06

All games in this series

Show
View Real Time Build Order
Export as new Build Order

Lambo Zerg - Winner!

Build Orders: Hatch First 

Get SALT Encoding   

  8  0:00  Drone  
  9  0:11  Drone  
  10  0:16  Drone  
  11  0:21  Drone  
  12  0:32  Overlord  
  12  0:41  Extractor, Drone  
  13  0:51  Drone x2  
  15  1:02  Drone  
  16  1:15  Hatchery  
  16  1:18  Drone  
  16  1:22  Drone  
  17  1:30  Drone  
  18  1:37  Extractor  
  17  1:41  Spawning Pool  
  17  1:45  Drone  
  17  1:50  Drone  
  18  2:00  Drone  
  19  2:10  Overlord  
  19  2:23  Drone  
  19  2:28  Drone, Queen x2  
  25  2:35  Zergling x2  
  26  2:37  Drone  
  26  2:40  Metabolic Boost  
  27  2:44  Zergling x2  
  27  2:49  Drone  
  29  2:53  Drone  
  29  2:57  Drone  
  31  3:04  Overlord  
  31  3:12  Hatchery  
  30  3:13  Drone  
  31  3:20  Drone  
  31  3:22  Zergling x2  
  32  3:28  Zergling x2  
  32  3:30  Zergling x2  
  32  3:31  Zergling x2  
  32  3:32  Queen  
  37  3:39  Overlord  
  37  3:41  Drone x3  
  40  4:00  Drone x4  
  43  4:03  Drone  
  43  4:04  Queen  
  43  4:08  Spore Crawler  
  43  4:09  Drone  
  45  4:14  Drone x2, Overlord  
  47  4:18  Overlord  
  47  4:24  Drone x4  
  51  4:32  Drone  
  51  4:33  Spore Crawler  
  51  4:35  Drone x3  
  51  4:37  Queen  
  55  4:44  Drone x4  
  59  4:48  Overlord  
  59  4:50  Evolution Chamber  
  59  4:52  Drone  
  59  4:54  Drone  
  59  4:55  Drone  
  59  4:58  Zergling x2  
  59  4:59  Zergling x2  
  63  5:02  Overlord  
  63  5:05  Drone x3  
  66  5:08  Drone  
  67  5:16  Drone x7  
  74  5:24  Hatchery  
  74  5:27  Zerg Melee Weapons Level 1, Extractor  
  72  5:29  Extractor  
  72  5:30  Zergling x4  
  72  5:32  Overlord  
  72  5:33  Overlord  
  73  5:40  Zergling x10  
  78  5:45  Zergling x6  
  78  5:46  Lair  
  78  5:49  Drone x2  
  83  5:51  Zergling x2  
  83  5:52  Zergling x6  
  83  5:55  Drone x2  
  89  5:58  Overlord  
  89  6:00  Drone  
  92  6:04  Drone x2  
  92  6:05  Baneling Nest, Extractor  
  92  6:09  Overlord  
  90  6:13  Drone  
  90  6:15  Drone x2  
  90  6:18  Overlord  
  93  6:19  Drone x2, Hatchery  
  93  6:22  Drone x2  
  93  6:25  Drone x3  
  96  6:28  Overlord  
  96  6:31  Overlord  
  96  6:32  Drone x2  
  95  6:36  Drone x2  
  95  6:37  Extractor  
  96  6:42  Extractor  
  96  6:43  Zergling x8  
  97  6:47  Zergling x6, Hydralisk Den  
  97  6:51  Zergling x2  
  101  6:54  Zergling x2  
  101  6:59  Zergling x4  
  103  7:04  Zergling x2  
  103  7:05  Zergling x4  
  106  7:09  Zergling x14  
  106  7:12  Zergling x8  
  116  7:16  Overlord  
  116  7:21  Zergling x2  
  116  7:22  Zergling x8  
  118  7:23  Zergling x2  
  118  7:26  Muscular Augments  
  118  7:30  Zergling x4  
  118  7:35  Hydralisk x4  
  125  7:39  Hydralisk x8  
  125  7:40  Zergling x2  
  136  7:48  Zergling x12  
  136  7:51  Zergling x4  
  131  7:53  Hydralisk  
  131  7:55  Hydralisk x2  
  127  8:00  Hydralisk x2  
  127  8:04  Zergling x2  
  128  8:06  Zergling x16  
  128  8:10  Zergling x2  
  128  8:11  Zergling x6  
  140  8:13  Zergling x2  
  140  8:16  Zergling x2  
  140  8:17  Zergling x8  
  142  8:20  Zergling x2  
  142  8:25  Hydralisk x3  
  142  8:29  Hydralisk x2  
  144  8:37  Hydralisk x3  
  144  8:41  Zergling x12  
  145  8:46  Zergling x12  
  138  8:48  Zergling x4  
Show
View Real Time Build Order
Export as new Build Order

LetaleX Protoss 

Build Orders: Oracle Opening 

Get SALT Encoding   

  8  0:00  Probe (Chrono Boost)  
  9  0:12  Probe (Chrono Boost)  
  10  0:18  Probe (Chrono Boost)  
  11  0:26  Probe  
  12  0:35  Pylon  
  12  0:38  Probe  
  13  0:53  Probe  
  14  0:58  Gateway  
  14  1:05  Probe (Chrono Boost)  
  14  1:07  Assimilator  
  15  1:17  Probe (Chrono Boost)  
  16  1:25  Probe (Chrono Boost)  
  17  1:32  Probe  
  18  1:51  Nexus  
  18  2:04  Cybernetics Core  
  18  2:06  Probe  
  19  2:09  Assimilator  
  19  2:18  Probe  
  19  2:20  Pylon  
  20  2:30  Probe  
  21  2:37  Adept (Chrono Boost)  
  21  2:42  Probe  
  24  2:50  Stargate  
  24  2:54  Probe  
  25  3:00  Adept (Chrono Boost)  
  25  3:03  Probe (Chrono Boost)  
  28  3:06  Warp Gate  
  28  3:10  Probe (Chrono Boost)  
  29  3:15  Probe (Chrono Boost)  
  31  3:22  Probe x2 (Chrono Boost)  
  32  3:27  Adept  
  32  3:29  Probe  
  32  3:31  Probe  
  36  3:39  Pylon  
  36  3:41  Probe  
  36  3:42  Oracle  
  36  3:43  Probe  
  41  3:53  Probe  
  42  3:57  Probe  
  43  4:06  Probe  
  43  4:08  Nexus  
  41  4:10  Probe  
  41  4:17  Gateway, Oracle (Chrono Boost)  
  41  4:18  Probe  
  41  4:23  Probe  
  46  4:27  Pylon  
  46  4:30  Probe  
  47  4:36  Probe  
  47  4:37  Twilight Council  
  47  4:40  Assimilator  
  47  4:42  Probe  
  47  4:43  Assimilator  
  48  4:48  Probe  
  48  4:50  Stalker  
  51  4:55  Probe  
  51  4:57  Pylon  
  52  5:00  Probe  
  56  5:07  Probe  
  56  5:12  Probe  
  57  5:14  Blink (Chrono Boost)  
  57  5:19  Probe, Gateway  
  56  5:23  Gateway, Stalker  
  56  5:24  Probe  
  56  5:26  Probe  
  60  5:31  Probe  
  60  5:32  Stalker  
  63  5:36  Probe  
  63  5:38  Probe  
  63  5:41  Stalker  
  66  5:43  Probe  
  66  5:48  Stalker  
  70  5:53  Pylon  
  69  5:58  Stalker  
  69  5:59  Gateway  
  69  6:00  Gateway  
  69  6:03  Pylon  
  71  6:12  Gateway  
  71  6:14  Shield Battery  
  71  6:15  Stalker  
  71  6:16  Stalker  
  71  6:17  Stalker  
  77  6:19  Stalker  
  79  6:28  Probe  
  78  6:39  Stalker  
  82  6:46  Pylon, Probe  
  81  6:48  Pylon  
  81  6:53  Stalker x3  
  87  6:58  Pylon  
  87  7:04  Probe  
  87  7:06  Stalker x2  
  92  7:09  Pylon  
  92  7:14  Pylon  
  91  7:19  Stalker x4  
  99  7:23  Stalker  
  99  7:32  Probe  
  99  7:33  Pylon  
  99  7:36  Probe  
  100  7:39  Stalker x2  
  100  7:42  Stalker x2  
  96  8:02  Stalker  
  96  8:03  Stalker x4  
  104  8:06  Stalker x2  
  104  8:12  Probe  
  109  8:17  Gateway  
  105  8:28  Pylon  
  105  8:32  Probe  
  106  8:35  Stalker x6  
  106  8:36  Probe  
Tags
 
Add a new tag
Caveats
  • Supply blocks, unpowered buildings, or Contaminate may cause inaccurate times.
  • Supply counts are checked every 10 seconds.